Map: Forteresse de fer EC

Players

TyoZ - Winner!

  • Race: Protoss Protoss

AgCl

  • Race: Protoss Protoss

VOD

Have the link to the VOD?

Description

Time

  • Played on: May 9, 2015, 6:34 p.m.
  • Length: 10:13
Show
View Real Time Build Order
Export as new Build Order

TyoZ Protoss - Winner!

Build Orders:  

Get SALT Encoding   

  12  0:01  Probe  
  13  0:15  Pylon  
  13  0:17  Probe  
  14  0:33  Probe (Chrono Boost), Assimilator  
  15  0:45  Probe (Chrono Boost), Gateway  
  16  0:56  Probe  
  17  1:08  Probe  
  18  1:14  Pylon  
  18  1:20  Probe  
  19  1:32  Cybernetics Core, Probe  
  20  1:51  Nexus  
  20  1:54  Probe  
  21  2:03  Warp Gate (Chrono Boost)  
  21  2:06  Probe  
  22  2:18  Gateway  
  22  2:21  Pylon  
  22  2:27  Adept  
  22  2:29  Probe  
  25  2:41  Probe (Chrono Boost)  
  25  2:43  Robotics Facility  
  26  2:54  Probe (Chrono Boost)  
  27  3:03  Mothership Core (Chrono Boost)  
  28  3:31  Observer  
  29  3:34  Probe x2  
  31  3:42  Assimilator  
  31  3:46  Probe x2  
  33  3:51  Gateway  
  33  3:52  Gateway  
  33  3:56  Gateway  
  33  3:58  Probe x2  
  35  4:10  Probe x2  
  37  4:28  Pylon  
  37  4:54  Immortal  
  41  5:02  Zealot x4  
  41  5:06  Stalker  
  51  5:22  Pylon  
  47  5:33  Observer  
  47  5:35  Stalker x3  
  52  5:41  Zealot x2  
  58  5:58  Pylon  
  58  6:04  Zealot  
  60  6:15  Pylon x2  
  60  6:17  Pylon  
  60  6:26  Zealot x2  
  60  6:27  Zealot  
  60  6:28  Zealot  
  52  6:59  Zealot x3  
  52  7:00  Zealot x2  
  43  7:21  Adept  
  43  7:22  Stalker x2  
  43  7:23  Stalker x2  
  33  7:54  Gateway  
  33  7:57  Gateway, Probe (Chrono Boost)  
  32  8:04  Probe (Chrono Boost)  
  33  8:06  Assimilator  
  33  8:08  Probe (Chrono Boost)  
  33  8:11  Assimilator  
  33  8:12  Stalker x2, Probe (Chrono Boost)  
  37  8:13  Stalker x3  
  37  8:14  Probe  
  46  8:23  Probe  
  46  8:26  Probe  
  48  8:35  Probe  
  48  8:37  Pylon  
  48  8:38  Probe  
  50  8:47  Probe  
  51  8:50  Stalker, Probe  
  51  8:51  Stalker x3  
  51  8:55  Zealot  
  62  8:57  Zealot x2  
  62  8:59  Probe  
  61  9:03  Probe  
  57  9:30  Stalker x4  
  57  9:31  Stalker x2  
  67  9:34  Zealot  
Show
View Real Time Build Order
Export as new Build Order

AgCl Protoss 

Build Orders: Double Forge, Double Forge, Nexus First 

Get SALT Encoding   

  12  0:02  Probe  
  13  0:16  Pylon  
  13  0:25  Probe (Chrono Boost)  
  14  0:37  Probe (Chrono Boost)  
  15  0:44  Probe (Chrono Boost)  
  16  0:54  Probe  
  17  1:04  Nexus  
  17  1:17  Gateway  
  17  1:19  Assimilator  
  17  1:30  Pylon  
  17  1:33  Probe  
  18  1:45  Probe (Chrono Boost)  
  20  1:55  Probe (Chrono Boost)  
  20  2:02  Probe  
  20  2:07  Cybernetics Core  
  22  2:16  Probe (Chrono Boost)  
  22  2:17  Probe (Chrono Boost), Assimilator  
  23  2:27  Probe (Chrono Boost)  
  23  2:28  Probe (Chrono Boost)  
  25  2:30  Pylon  
  25  2:33  Probe (Chrono Boost)  
  25  2:34  Probe (Chrono Boost)  
  27  2:44  Probe (Chrono Boost)  
  29  2:52  Probe (Chrono Boost)  
  29  2:54  Mothership Core (Chrono Boost), Robotics Facility  
  29  2:56  Pylon  
  32  2:59  Probe (Chrono Boost)  
  32  3:00  Warp Gate (Chrono Boost)  
  32  3:07  Gateway  
  32  3:10  Probe x2  
  34  3:22  Probe x2  
  36  3:33  Gateway  
  36  3:34  Probe x2  
  36  3:39  Pylon  
  36  3:41  Immortal (Chrono Boost)  
  42  3:46  Probe x2, Assimilator  
  44  3:56  Assimilator  
  44  3:58  Probe (Chrono Boost)  
  44  3:59  Probe (Chrono Boost)  
  44  4:00  Forge  
  48  4:10  Probe (Chrono Boost)  
  48  4:11  Probe (Chrono Boost)  
  49  4:17  Probe (Chrono Boost)  
  49  4:18  Probe (Chrono Boost)  
  54  4:24  Immortal (Chrono Boost)  
  54  4:27  Probe  
  54  4:28  Probe  
  56  4:40  Probe, Forge  
  57  4:50  Photon Cannon  
  57  4:58  Protoss Ground Weapons Level 1 (Chrono Boost)  
  57  4:59  Observer (Chrono Boost)  
  58  5:04  Probe  
  59  5:12  Photon Cannon  
  59  5:16  Pylon  
  59  5:17  Probe, Stargate  
  59  5:19  Pylon  
  60  5:27  Stalker x2  
  64  5:28  Adept  
  66  5:55  Pylon  
  66  5:59  Gateway  
  66  6:02  Pylon, Oracle (Chrono Boost)  
  66  6:04  Gateway  
  69  6:07  Fleet Beacon  
  69  6:11  Pylon  
  69  6:13  Gateway  
  67  6:26  Stalker x2  
  71  6:39  Stalker  
  67  6:50  Zealot  
  67  6:51  Void Ray (Chrono Boost), Zealot  
  63  6:55  Immortal (Chrono Boost)  
  49  7:26  Adept x2  
  49  7:27  Adept  
  49  7:59  Oracle (Chrono Boost)  
  49  8:00  Nexus  
  49  8:02  Immortal (Chrono Boost)  
  56  8:08  Nexus, Assimilator  
  56  8:12  Pylon  
  56  8:15  Twilight Council, Pylon  
  56  8:16  Protoss Shields Level 1  
  56  8:17  Pylon  
  56  8:21  Gateway  
  56  8:35  Observer (Chrono Boost)  
  56  8:39  Phoenix  
  59  8:49  Observer  
  57  9:14  Void Ray (Chrono Boost)  
  56  9:17  Immortal  
  56  9:21  Stalker x2  
  56  9:22  Stalker  
  64  9:44  Stalker x2  
  40  10:06  Dark Shrine  
Tags
 
Add a new tag
Caveats
  • Supply blocks, unpowered buildings, or Contaminate may cause inaccurate times.
  • Supply counts are checked every 10 seconds.